 Dungeon Crawl Stone Soup version 0.29-a0-243-g602b31c20e (webtiles) character file.

Game seed: 17462578300508731875

115 spaghetti the Skirmisher (level 4, -1/29 HPs)
             Began as a Deep Elf Chaos Knight on Mar 4, 2022.
             Was a Plaything of Xom.
             Slain by Grinder (8 damage)
             ... on level 3 of the Dungeon.
             The game lasted 00:05:47 (3760 turns).

spaghetti the Skirmisher (Deep Elf Chaos Knight)    Turns: 3760, Time: 00:05:48

Health: -1/29      AC:  3    Str:  9    XL:     4   Next: 68%
Magic:  6/6        EV: 13    Int: 19    God:    Xom [....*.]
Gold:   118        SH:  4    Dex: 14    Spells: 3/3 levels left

rFire   + + +      SeeInvis .   e - +1 dagger (venom) {short}
rCold   + . .      Faith    .   (no shield)
rNeg    + . .      Spirit   .   k - +1 robe of Hubris {rF+++ rC+ Regen+}
rPois   .          Reflect  .   (no helmet)
rElec   .          Harm     .   (no cloak)
rCorr   .          Rampage  .   (no gloves)
Will    .....                   (no boots)
Stlth   +.........              (no amulet)
HPRegen 0.89/turn               i - ring of positive energy
MPRegen 0.10/turn               (no ring)

@: about to teleport
A: large bone plates 1, MP-powered wands
a: Renounce Religion


You were on level 3 of the Dungeon.
You worshipped Xom.
You were a beloved toy of Xom.
You visited 1 branch of the dungeon, and saw 3 of its levels.

You collected 118 gold pieces.


Innate Abilities, Weirdness & Mutations

You are partially covered in large bone plates. (SH +4)
You expend magic power (3 MP) to strengthen your wands.


   Skills:
 + Level 4.3 Fighting
 - Level 3.0 Short Blades
 - Level 0.7 Armour
 + Level 3.2 Dodging


You had 3 spell levels left.
You didn't know any spells.
Your spell library contained the following spells:

 Spells                   Type           Power      Damage    Failure   Level
 Frozen Ramparts          Ice            0%         1d2       52%         3
 Ice Form                 Ice/Tmut       0%         N/A       90%         4
 Summon Ice Beast         Ice/Summ       0%         N/A       90%         4

Inventory:

Hand Weapons
 a - a +0 short sword of chaos {short}
 e - a +1 dagger of venom (weapon) {short}
   (You took it off a kobold on level 1 of the Dungeon)
Missiles
 g - 33 stones (quivered) {throwing}
 j - 4 boomerangs {throwing}
Armour
 b - a +2 leather armour
 k - the +1 robe of Hubris (worn) {rF+++ rC+ Regen+}
   (You found it on level 3 of the Dungeon)

   rF:        It renders you almost immune to fire.
   rC:        It protects you from cold.
   Regen:     It increases your rate of health regeneration.
Jewellery
 i - a ring of positive energy (left hand)
   (You found it on level 2 of the Dungeon)
Scrolls
 c - a scroll of vulnerability {!r!r}
 f - 2 scrolls of identify {@r1}
 h - a scroll of fog
 l - a scroll of acquirement
Miscellaneous
 d - a box of beasts (inert)
   (Xom gifted it to you on level 1 of the Dungeon)

Dungeon Overview and Level Annotations

Branches:
Dungeon (3/15)

Altars:
Makhleb

Shops:
D:1 :

Annotations:
D:3 Grinder

#######.#...#.# *,* ##
#.#.....#######****,
.#######.#.#>#........,,,,,*
.'.......#.#.#.#######**** *
.#########.#.#†### .'.......
.#.....# .########**#.....#
######* *###.....#### ......
,,......[@...#
..####***####....5..#***
..+, * ##......+, ..# ,
####...# ,* ..# *##..# ..#
,* ..# ..# , ..#, ### .#


You could see Grinder.


Message History

A rat comes into view.
You see here the +1 robe of Hubris {rF+++ rC+ Regen+}.
k - the +1 robe of Hubris {rF+++ rC+ Regen+} The rat closely misses you. 😕 HP[+1]
You barely miss the rat. You block the rat's attack.
You hit the rat.
The rat is poisoned.
You kill the rat!
No target in view!
You start removing your armour.
You continue taking off your +2 leather armour. x4
You finish taking off your +2 leather armour.
You start putting on your armour.
You continue putting on the +1 robe of Hubris {rF+++ rC+ Regen+}. x5
You finish putting on the +1 robe of Hubris {rF+++ rC+ Regen+}.
The robe of Hubris throbs as it attunes itself to your uninjured body. 😎 HP[+1]
Your hp is fully restored (29).
Unknown command.
There is a stone staircase leading down here.
g - 33 stones {throwing} (gained 1) Key pressed, stopping explore.
There is an escape hatch in the ceiling here.
You see here a rat corpse.
A goblin and a bat come into view.
The goblin shouts!
You see here a scroll labelled QERYUN NAAN.
You hit the bat. The bat misses you. The bat hits you but does no damage.
You hit the goblin.
The goblin is poisoned.
You kill the goblin!
The bat misses you.
You miss the bat. The bat closely misses you.
You hit the bat.
You kill the bat!
No target in view!
No target in view!
No target in view!
No target in view!
No target in view!
No target in view!
No target in view!
No target in view!
No target in view!
No target in view!
No target in view!
No target in view!
No target in view!
No target in view!
Things that are here:
a +0 dagger {short}; a goblin corpse
l - a scroll labelled QOFROY CENIDWI
m - a scroll labelled QERYUN NAAN You see here a bat corpse.
This is a scroll of acquirement!
Search for what [? for help]? hex Can't find anything matching that.
You open the door.
There is an open door here.
There is an open door here.
You open the door. You open the door.
There is an open door here.
Found a stone staircase leading up.
You now have 118 gold pieces (gained 7).
There is a stone staircase leading up here.
A ball python comes into view.
A ball python is nearby!
Grinder comes into view.
Grinder shouts!
Grinder blinks!
Grinder moves out of view.
Grinder blinks!
You hit the ball python.
You kill the ball python!
Grinder gestures at you. You resist with significant effort.
You see here a ball python corpse.
Grinder blinks!
Grinder barely misses you.
You closely miss Grinder. Grinder hits you!
You writhe in agony. 😮 HP[-12]
You take 12 damage, and now have 17/29 hp.
MASSIVE DAMAGE!! (PAUSE)
You are too injured to fight recklessly!
You hit Grinder but do no damage. Grinder hits you!
* * * LOW HITPOINT WARNING * * *
You writhe in agony.
* * * LOW HITPOINT WARNING * * *
😱 HP[-11]
You take 11 damage, and now have 6/29 hp.
MASSIVE DAMAGE!! (PAUSE)
You aren't carrying any potions.
Okay, then.
You aren't carrying any potions.
Okay, then.
As you read the scroll labelled QERYUN NAAN, it crumbles to dust.
You feel strangely unstable.
It was a scroll of teleportation.
Grinder hits you!
You die...
Xom giggles madly!

Skill      XL: |  1  2  3  4 |
---------------+-------------+-----
Fighting       | 3 4 |  4.3
Dodging        | 3 |  3.2
Short Blades   | |  3.0
Armour         | |  0.7

Action                   |  1- 3 |  4- 6 || total
-------------------------+-------+-------++-------
Melee: Short sword       |    60 |       ||    60
       Dagger            |    49 |    78 ||   127
       Punch             |     2 |       ||     2
Throw: Stone             |       |     1 ||     1
Evoke: Box of beasts     |       |     1 ||     1
  Use: Scroll            |     1 |     4 ||     5
       Potion            |       |     2 ||     2
 Stab: Petrifying        |     1 |       ||     1
       Paralysed         |     1 |       ||     1
       Sleeping          |     2 |       ||     2
       Distracted        |       |     1 ||     1
Armor: Leather armour    |    34 |     8 ||    42
       Skin              |       |    10 ||    10
       Robe              |       |     1 ||     1
Dodge: Dodged            |    43 |    27 ||    70
Block: Other             |     1 |     6 ||     7

Levels and vault maps discovered:
D:1:      dpeg_arrival_rooms_a, layout_loops_corners, serial_shops,
          nicolae_shop_behind_doors
D:2:      layout_loops_ring, wad_woods_river_04, minmay_hexomino_r4
D:3:      layout_basic, basic_ecumenical_altar, uniq_grinder

Notes
Turn   | Place    | Note
-------+----------+-------------------------------------------
     0 | D:1      | spaghetti the Deep Elf Chaos Knight began the quest for the
                  | Orb.
     0 | D:1      | Reached XP level 1. HP: 13/13 MP: 3/3
     0 | D:1      | magus.rc [v1.9.6]
    79 | D:1      | XOM: silly message
   201 | D:1      | XOM: smoke on damage
   209 | D:1      | Reached skill level 3 in Fighting
   209 | D:1      | Reached XP level 2. HP: 6/19 MP: 4/4
   428 | D:1      | You pick up a book of Rime and begin reading...
   428 | D:1      | You add the spells Frozen Ramparts, Ice Form and Summon Ice
                  | Beast to your library.
   779 | D:1      | XOM: god gift: box of beasts
  1007 | D:1      | Reached XP level 3. HP: 15/23 MP: 5/5
  1259 | D:1      | XOM: give mutations
  1259 | D:1      | Gained mutation: You are partially covered in large bone
                  | plates. (SH +4) [Xom's mischief]
  1259 | D:1      | Gained mutation: You expend magic power (3 MP) to
                  | strengthen your wands. [Xom's mischief]
  1265 | D:1      | Found Igazeff's Book Shop.
  1667 | D:1      | HP: 5/24 [gnoll/+0 whip (4)]
  1673 | D:1      | Reached skill level 4 in Fighting
  1917 | D:1      | Reached XP level 4. HP: 19/29 MP: 6/6
  2122 | D:2      | XOM: torment (17/29 hp)
  2276 | D:2      | Found a burning altar of Makhleb.
  2505 | D:2      | XOM: 3-stop teleportation journey
  2533 | D:2      | XOM: 2-stop teleportation journey
  2854 | D:2      | Reached skill level 3 in Dodging
  3005 | D:2      | XOM: cloud trail
  3418 | D:3      | XOM: god gift: 4 boomerangs
  3467 | D:3      | Found a faded altar of an unknown god.
  3502 | D:3      | XOM: summons 1 hostile shadow creature
  3504 | D:3      | XOM: smoke on damage
  3524 | D:3      | XOM: divination: magic mapping
  3653 | D:3      | Identified the +1 robe of Hubris {rF+++ rC+ Regen+}
  3716 | D:3      | Identified a scroll of acquirement
  3749 | D:3      | Noticed Grinder
  3759 | D:3      | HP: 6/29 [Grinder (3)]
  3760 | D:3      | Slain by Grinder

Vanquished Creatures
  An adder (D:2)
  4 gnolls
  A worm (D:2)
  3 dart slugs
  4 bats
  10 endoplasms
  2 giant cockroaches
  6 goblins
  5 hobgoblins
  3 quokkas
  9 ball pythons
  4 frilled lizards
  3 kobolds (D:1)
  2 rats
57 creatures vanquished.

Table legend:
 A = Non-vault XP
 B = Vault XP
 C = Vault XP percentage of total XP
 D = Non-vault monster count
 E = Vault monster count
 F = Vault count percentage of total count
                 A         B        C        D         E       F
            +---------+---------+-------+---------+---------+-------
      Total |     162 |       3 |   1.8 |      55 |       2 |   3.5
            +---------+---------+-------+---------+---------+-------
        D:1 |      81 |       0 |   0.0 |      31 |       0 |   0.0
        D:2 |      72 |       3 |   4.0 |      18 |       2 |  10.0
        D:3 |       9 |       0 |   0.0 |       6 |       0 |   0.0
            +---------+---------+-------+---------+---------+-------

Illustrated notes

Table legend:
 A = Kills in this place as a percentage of kills in entire the game.
 B = Kills by you in this place as a percentage of kills by you in the entire game.
 C = Kills by friends in this place as a percentage of kills by friends in the entire game.
 D = Other kills in this place as a percentage of other kills in the entire game.
 E = Experience gained in this place as a percentage of experience gained in the entire game.
 F = Experience gained in this place divided by the number of levels of this place that you have seen.
                   A       B       C       D       E      F
               +-------+-------+-------+-------+-------+----------------------
         Total | 100.0 | 100.0 |   N/A | 100.0 | 100.0 |  55.0
       Dungeon | 100.0 | 100.0 |   N/A | 100.0 | 100.0 |  55.0
               +-------+-------+-------+-------+-------+----------------------

Table legend: (Time is in decaauts)
 A = Elapsed time spent in this place.
 B = Non-inter-level travel time spent in this place.
 C = Inter-level travel time spent in this place.
 D = Time resting spent in this place.
 E = Time spent auto-exploring this place.
 F = Levels seen in this place.
 G = Mean time per level.
                   A        B        C        D        E       F      G
               +--------+--------+--------+--------+--------+-----+--------+
         Total |   3755 |   3635 |    120 |   1116 |   2097 |   3 | 1251.7 |
       Dungeon |   3755 |   3635 |    120 |   1116 |   2097 |   3 | 1251.7 |
               +--------+--------+--------+--------+--------+-----+--------+

Top non-repeatable levels by time:
     D:1: 1704 daAuts
     D:2: 1496 daAuts
     D:3: 554 daAuts
